Connexion

Comets vs Eagles

Created - 24 janvier 2024 at 05:52

Goals
1 2 3 T
Comets 3 0 2 5
Eagles 1 1 1 3
Shots
1 2 3 T
Comets 12 10 13 35
Eagles 14 11 12 37

GoalsPenalties
1st period
1. Comets , Tyler Angle 1 (Josh Archibald 31, Chase De Leo 27) at 0:39
2. Comets , Derek Ryan 28 (Markus Niemelainen 24, Trevor Lewis 32) at 0:56 (PP)
3. Comets , Chris Terry 21 (Brandon Davidson 26, Markus Niemelainen 25) at 2:16
4. Eagles , Marc-Edouard Vlasic 4 (Cooper Marody 29, David Gustafsson 26) at 9:28 (PP)
Brayden Burke (COL) for Slashing (Minor) at 0:40
Josh Archibald (UTI) for Tripping (Minor) at 8:44
Josh Archibald (UTI) for Interference (Minor) at 13:41
2nd period
5. Eagles , Kris Russell 8 (Jacob Peterson 21, Cooper Marody 30) at 15:45
No Penalty
3rd period
6. Comets , Brandon Davidson 8 (Derek Ryan 30) at 0:35
7. Comets , Derek Ryan 29 (Trevor Lewis 33, Chris Terry 29) at 2:28
8. Eagles , Brayden Burke 18 (Radek Faksa 14) at 2:36
Kris Russell (COL) for Spearing (Major / Game Misconduct) at 4:32
Goalie Stats
David Rittich (UTI), 34 saves from 37 shots - (0,919), W, 27-10-3, 60:00 minutes
Cory Schneider (COL), 30 saves from 35 shots - (0,857), L, 26-25-9, 60:00 minutes
3 StarsOfficial
1 - Derek Ryan (UTI)
2 - Brandon Davidson (UTI)
3 - Chris Terry (UTI)
Referees : Justin StPierre and Kevin Pollock
Linesman : Greg Devorski and Jonny Murray
Game Note
Kris Russell (COL) for Spearing (Major / Game Misconduct) at 4:32
Kris Russell ejected from game at 4:32 of 3rd period
Kris Russell from Eagles is suspended for 2 game(s)
Finance
Level 1 -- Attendance: 1480 (74,00%) -- Ticket Income $59,200
Level 2 -- Attendance: 670 (67,00%) -- Ticket Income $16,750
Total Attendance: 2150 (71,67%)
Total Ticket Income: $75,950
Other Income: $15,190
Total Income: $91,140



Team Name Goals Shots Shots Attemp Shots Blocked PIM HIT PP PK FO%
Comets 5357044271 / 2 (50%)147%
Eagles 33766617201 / 2 (50%)153%

Comets
Player Name POS G A P +/- PIM HIT SHT SB MP PP MP PP SHT PK MP PK SHT FO% FOT
Brandon DavidsonD1122024125:153:0811:2400% 0
Chase De LeoC/LW0110004018:132:2120:00050% 4
Chris TerryLW/RW1122014022:262:5400:46033% 3
Cliff PuRW000000006:180:0000:000100% 1
Dennis YanLW000000007:060:0000:480100% 1
Derek RyanC21320110022:492:5411:09035% 37
Frederik GauthierC0000000011:060:0000:00064% 11
Griffin ReinhartD000-1000015:160:0000:0000% 0
Jordan SchmaltzD000-1030015:160:0000:0000% 0
Josh ArchibaldRW0110451118:112:2100:0000% 0
Kevin CzucmanD0001041019:292:0711:1900% 0
Logan NelsonC000000206:180:0000:00050% 8
Markus NiemelainenD0222022025:153:0821:2400% 0
Matt BartkowskiD0001011119:292:0711:1900% 0
Michael JolyRW0000011011:060:0000:0000% 0
Michael RafflLW/RW0000032011:060:0000:0000% 1
Trevor LewisC/RW0222041022:262:5400:46050% 2
Tyler AngleC1010002120:102:2101:57055% 29
Eagles
Player Name POS G A P +/- PIM HIT SHT SB MP PP MP PP SHT PK MP PK SHT FO% FOT
Branden TroockRW0001023014:060:0001:0500% 2
Brayden BurkeC/LW/RW1011202013:000:0000:0000% 0
Cooper MarodyC/RW0220013017:311:0200:000100% 1
Daniel AudetteC000000001:080:0000:0000% 0
Danil ZhuravlyovD0001031114:400:0002:1400% 0
David GustafssonC0110015120:411:0203:10070% 23
Jacob PetersonC/LW0110005017:311:0210:00067% 3
Kris RussellD101-21522220:021:5310:1600% 0
Leo KomarovLW000-3030020:251:4100:3100% 4
Luke GlendeningC/RW000-3015026:241:4102:48153% 34
Marc-Edouard VlasicD101-2044028:231:5333:0100% 0
Mark GiordanoD000-1003121:280:5012:4500% 0
Matej PaulovicLW000000004:190:0000:0000% 0
Niklas HanssonD0001000014:440:0000:0300% 0
Radek FaksaC0111000014:290:0001:28061% 18
Ty EmbersonD000-1001120:110:5002:1100% 0
Tyler BozakC000000104:190:0000:00030% 10
William LockwoodRW000-3032021:221:4111:2800% 2



Play-by-Play

1st period


0:01 of 1st period - Derek Ryan wins face-off versus Luke Glendening in neutral zone.
0:03 of 1st period - Trevor Lewis is hit by Marc-Edouard Vlasic and loses puck.
0:15 of 1st period - Shot by William Lockwood.
0:15 of 1st period - Shot Misses the Net.
0:17 of 1st period - Shot by Marc-Edouard Vlasic.
0:17 of 1st period - Stopped by David Rittich without a rebound.
0:18 of 1st period - David Gustafsson wins face-off versus Tyler Angle in Comets zone.
0:18 of 1st period - Mark Giordano is hit by Kevin Czucman and loses puck.
0:39 of 1st period - Shot by Josh Archibald.
0:39 of 1st period - Deflect By Tyler Angle.
0:39 of 1st period - Goal by Tyler Angle - Comets : 1 - Eagles : 0.
0:40 of 1st period - Frederik Gauthier wins face-off versus Branden Troock in neutral zone.
0:40 of 1st period - Minor Penalty to Brayden Burke for Slashing.
0:41 of 1st period - Derek Ryan wins face-off versus Luke Glendening in Eagles zone.
0:45 of 1st period - Chris Terry is hit by Marc-Edouard Vlasic.
0:56 of 1st period - Shot by Derek Ryan.
0:56 of 1st period - Goal by Derek Ryan - Comets : 2 - Eagles : 0.
0:57 of 1st period - Radek Faksa wins face-off versus Frederik Gauthier in neutral zone.
1:27 of 1st period - Shot by Brayden Burke.
1:27 of 1st period - Shot Misses the Net.
1:41 of 1st period - Danil Zhuravlyov is hit by Michael Raffl and loses puck.
2:16 of 1st period - Shot by Chris Terry.
2:16 of 1st period - Goal by Chris Terry - Comets : 3 - Eagles : 0.
2:17 of 1st period - David Gustafsson wins face-off versus Tyler Angle in neutral zone.
2:29 of 1st period - Shot by Cooper Marody.
2:29 of 1st period - Stopped by David Rittich with a rebound.
2:36 of 1st period - Jacob Peterson is hit by Kevin Czucman and loses puck.
3:40 of 1st period - Shot by Chris Terry.
3:40 of 1st period - Stopped by Cory Schneider with a rebound.
3:42 of 1st period - Shot by Chris Terry.
3:42 of 1st period - Deflect By Derek Ryan.
3:42 of 1st period - Shot Misses the Net.
3:44 of 1st period - Shot by Derek Ryan.
3:44 of 1st period - Shot Blocked by Kris Russell.
3:57 of 1st period - Icing by Marc-Edouard Vlasic.
3:58 of 1st period - Luke Glendening wins face-off versus Logan Nelson in Eagles zone.
4:02 of 1st period - Icing by Marc-Edouard Vlasic.
4:03 of 1st period - Logan Nelson wins face-off versus Leo Komarov in Eagles zone.
4:03 of 1st period - Logan Nelson is hit by Marc-Edouard Vlasic.
4:09 of 1st period - Shot by Logan Nelson.
4:09 of 1st period - Stopped by Cory Schneider with a rebound.
4:22 of 1st period - Cliff Pu is hit by Danil Zhuravlyov and loses puck.
4:32 of 1st period - Off-side.
4:33 of 1st period - Chris Terry wins face-off versus Radek Faksa in neutral zone.
4:59 of 1st period - Shot by Chris Terry.
4:59 of 1st period - Shot Blocked by Mark Giordano.
5:31 of 1st period - Shot by David Gustafsson.
5:31 of 1st period - Deflect By Cooper Marody.
5:31 of 1st period - Stopped by David Rittich with a rebound.
5:33 of 1st period - Shot by Danil Zhuravlyov.
5:33 of 1st period - Shot Misses the Net.
5:49 of 1st period - Shot by Danil Zhuravlyov.
5:49 of 1st period - Stopped by David Rittich without a rebound.
5:50 of 1st period - Tyler Bozak wins face-off versus Frederik Gauthier in Comets zone.
5:50 of 1st period - Matej Paulovic is hit by Matt Bartkowski and loses puck.
6:04 of 1st period - Frederik Gauthier is hit by Kris Russell.
6:17 of 1st period - Icing by Kris Russell.
6:18 of 1st period - Tyler Angle wins face-off versus Tyler Bozak in Eagles zone.
6:29 of 1st period - Chase De Leo is hit by Luke Glendening and loses puck.
6:49 of 1st period - Icing by Griffin Reinhart.
6:50 of 1st period - David Gustafsson wins face-off versus Chase De Leo in Comets zone.
6:50 of 1st period - Jacob Peterson is hit by Jordan Schmaltz and loses puck.
6:55 of 1st period - Shot by David Gustafsson.
6:55 of 1st period - Stopped by David Rittich without a rebound.
6:56 of 1st period - David Gustafsson wins face-off versus Logan Nelson in Comets zone.
6:56 of 1st period - David Gustafsson is hit by Kevin Czucman.
7:00 of 1st period - Shot by Jacob Peterson.
7:00 of 1st period - Stopped by David Rittich without a rebound.
7:01 of 1st period - Frederik Gauthier wins face-off versus David Gustafsson in Comets zone.
7:01 of 1st period - Frederik Gauthier is hit by Cooper Marody.
7:27 of 1st period - Shot by David Gustafsson.
7:27 of 1st period - Shot Misses the Net.
8:05 of 1st period - Shot by Derek Ryan.
8:05 of 1st period - Shot Misses the Net.
8:07 of 1st period - Shot by Derek Ryan.
8:07 of 1st period - Shot Misses the Net.
8:44 of 1st period - Minor Penalty to Josh Archibald for Tripping.
8:45 of 1st period - David Gustafsson wins face-off versus Derek Ryan in Comets zone.
8:54 of 1st period - Shot by Cooper Marody.
8:54 of 1st period - Shot Misses the Net.
8:56 of 1st period - Shot by Marc-Edouard Vlasic.
8:56 of 1st period - Stopped by David Rittich with a rebound.
8:58 of 1st period - Shot by Marc-Edouard Vlasic.
8:58 of 1st period - Shot Misses the Net.
9:00 of 1st period - Shot by Jacob Peterson.
9:00 of 1st period - Stopped by David Rittich without a rebound.
9:01 of 1st period - Derek Ryan wins face-off versus Luke Glendening in Comets zone.
9:16 of 1st period - Shot by William Lockwood.
9:16 of 1st period - Stopped by David Rittich without a rebound.
9:17 of 1st period - David Gustafsson wins face-off versus Derek Ryan in Comets zone.
9:28 of 1st period - Shot by Marc-Edouard Vlasic.
9:28 of 1st period - Goal by Marc-Edouard Vlasic - Comets : 3 - Eagles : 1.
9:29 of 1st period - Dennis Yan wins face-off versus Radek Faksa in neutral zone.
9:44 of 1st period - Logan Nelson is hit by Branden Troock and loses puck.
11:15 of 1st period - Leo Komarov is hit by Derek Ryan and loses puck.
11:36 of 1st period - Shot by Derek Ryan.
11:36 of 1st period - Stopped by Cory Schneider without a rebound.
11:37 of 1st period - David Gustafsson wins face-off versus Frederik Gauthier in Eagles zone.
11:37 of 1st period - Mark Giordano is hit by Michael Raffl and loses puck.
12:16 of 1st period - Shot by Michael Joly.
12:16 of 1st period - Stopped by Cory Schneider with a rebound.
12:33 of 1st period - Shot by Markus Niemelainen.
12:33 of 1st period - Shot Misses the Net.
12:53 of 1st period - Icing by Brayden Burke.
12:54 of 1st period - Derek Ryan wins face-off versus Radek Faksa in Eagles zone.
13:21 of 1st period - Branden Troock is hit by Kevin Czucman and loses puck.
13:41 of 1st period - Minor Penalty to Josh Archibald for Interference.
13:42 of 1st period - Luke Glendening wins face-off versus Derek Ryan in Comets zone.
13:45 of 1st period - Shot by Marc-Edouard Vlasic.
13:45 of 1st period - Stopped by David Rittich without a rebound.
13:46 of 1st period - Luke Glendening wins face-off versus Derek Ryan in Comets zone.
13:46 of 1st period - Luke Glendening is hit by Brandon Davidson.
14:10 of 1st period - Shot by Kris Russell.
14:10 of 1st period - Stopped by David Rittich with a rebound.
14:22 of 1st period - Shot by William Lockwood.
14:22 of 1st period - Shot Misses the Net.
14:54 of 1st period - Shot by Cooper Marody.
14:54 of 1st period - Shot Misses the Net.
15:02 of 1st period - Shot by Jacob Peterson.
15:02 of 1st period - Shot Misses the Net.
15:04 of 1st period - Shot by Mark Giordano.
15:04 of 1st period - Stopped by David Rittich without a rebound.
15:05 of 1st period - Derek Ryan wins face-off versus William Lockwood in Comets zone.
15:05 of 1st period - Derek Ryan is hit by Leo Komarov.
15:46 of 1st period - Shot by Michael Raffl.
15:46 of 1st period - Shot Misses the Net.
16:01 of 1st period - Brayden Burke is hit by Jordan Schmaltz and loses puck.
17:22 of 1st period - Shot by Luke Glendening.
17:22 of 1st period - Stopped by David Rittich without a rebound.
17:23 of 1st period - Derek Ryan wins face-off versus Tyler Bozak in Comets zone.
17:30 of 1st period - Shot by Chris Terry.
17:30 of 1st period - Stopped by Cory Schneider without a rebound.
17:31 of 1st period - Derek Ryan wins face-off versus Luke Glendening in Eagles zone.
17:34 of 1st period - Shot by Chris Terry.
17:34 of 1st period - Stopped by Cory Schneider without a rebound.
17:35 of 1st period - Luke Glendening wins face-off versus Chris Terry in Eagles zone.
17:53 of 1st period - Shot by Chris Terry.
17:53 of 1st period - Deflect By Derek Ryan.
17:53 of 1st period - Stopped by Cory Schneider without a rebound.
17:54 of 1st period - David Gustafsson wins face-off versus Tyler Angle in Eagles zone.
17:59 of 1st period - Jordan Schmaltz is hit by David Gustafsson and loses puck.
18:08 of 1st period - Shot by Cooper Marody.
18:08 of 1st period - Shot Misses the Net.
18:10 of 1st period - Shot by Jacob Peterson.
18:10 of 1st period - Shot Blocked by Tyler Angle.
18:34 of 1st period - Shot by Tyler Angle.
18:34 of 1st period - Stopped by Cory Schneider without a rebound.
18:35 of 1st period - Trevor Lewis wins face-off versus Luke Glendening in Eagles zone.
18:44 of 1st period - Shot by Markus Niemelainen.
18:44 of 1st period - Shot Misses the Net.
18:50 of 1st period - Shot by Derek Ryan.
18:50 of 1st period - Stopped by Cory Schneider with a rebound.
19:55 of 1st period - Off-side.
19:56 of 1st period - Tyler Angle wins face-off versus David Gustafsson in neutral zone.
Goals for this period are 3 for Comets vs 1 for Eagles.
Shots for this period are 12 for Comets vs 14 for Eagles.

2nd period


0:01 of 2nd period - Tyler Angle wins face-off versus Leo Komarov in neutral zone.
0:15 of 2nd period - Kris Russell is hit by Markus Niemelainen and loses puck.
0:18 of 2nd period - Shot by Luke Glendening.
0:18 of 2nd period - Stopped by David Rittich with a rebound.
1:12 of 2nd period - Shot by Derek Ryan.
1:12 of 2nd period - Stopped by Cory Schneider without a rebound.
1:13 of 2nd period - Radek Faksa wins face-off versus Michael Raffl in Eagles zone.
1:28 of 2nd period - Off-side.
1:29 of 2nd period - David Gustafsson wins face-off versus Derek Ryan in neutral zone.
1:39 of 2nd period - Shot by Trevor Lewis.
1:39 of 2nd period - Stopped by Cory Schneider without a rebound.
1:40 of 2nd period - Frederik Gauthier wins face-off versus Tyler Bozak in Eagles zone.
2:47 of 2nd period - Shot by David Gustafsson.
2:47 of 2nd period - Shot Misses the Net.
2:53 of 2nd period - Shot by Chris Terry.
2:53 of 2nd period - Shot Blocked by David Gustafsson.
2:55 of 2nd period - Shot by Derek Ryan.
2:55 of 2nd period - Shot Misses the Net.
3:15 of 2nd period - Shot by Derek Ryan.
3:15 of 2nd period - Stopped by Cory Schneider without a rebound.
3:16 of 2nd period - Tyler Angle wins face-off versus Radek Faksa in Eagles zone.
3:33 of 2nd period - Shot by Chase De Leo.
3:33 of 2nd period - Shot Misses the Net.
3:47 of 2nd period - Shot by Branden Troock.
3:47 of 2nd period - Shot Misses the Net.
3:53 of 2nd period - Radek Faksa is hit by Josh Archibald and loses puck.
4:03 of 2nd period - Icing by Danil Zhuravlyov.
4:04 of 2nd period - Cliff Pu wins face-off versus Branden Troock in Eagles zone.
4:15 of 2nd period - Shot by Dennis Yan.
4:15 of 2nd period - Shot Misses the Net.
4:37 of 2nd period - Shot by Logan Nelson.
4:37 of 2nd period - Shot Blocked by Danil Zhuravlyov.
5:53 of 2nd period - Shot by Jacob Peterson.
5:53 of 2nd period - Shot Misses the Net.
5:55 of 2nd period - Shot by Jacob Peterson.
5:55 of 2nd period - Shot Misses the Net.
5:57 of 2nd period - Shot by Cooper Marody.
5:57 of 2nd period - Shot Misses the Net.
6:57 of 2nd period - Icing by Kris Russell.
6:58 of 2nd period - Derek Ryan wins face-off versus Tyler Bozak in Eagles zone.
8:07 of 2nd period - Chase De Leo is hit by Danil Zhuravlyov and loses puck.
8:29 of 2nd period - Shot by Chase De Leo.
8:29 of 2nd period - Stopped by Cory Schneider without a rebound.
8:30 of 2nd period - Radek Faksa wins face-off versus Frederik Gauthier in Eagles zone.
8:35 of 2nd period - Shot by Michael Joly.
8:35 of 2nd period - Shot Misses the Net.
8:37 of 2nd period - Shot by Brandon Davidson.
8:37 of 2nd period - Stopped by Cory Schneider with a rebound.
8:47 of 2nd period - Shot by Michael Raffl.
8:47 of 2nd period - Stopped by Cory Schneider without a rebound.
8:48 of 2nd period - Logan Nelson wins face-off versus Luke Glendening in Eagles zone.
8:51 of 2nd period - Shot by Logan Nelson.
8:51 of 2nd period - Stopped by Cory Schneider without a rebound.
8:52 of 2nd period - Luke Glendening wins face-off versus Chase De Leo in Eagles zone.
8:52 of 2nd period - Luke Glendening is hit by Josh Archibald.
9:02 of 2nd period - Icing by Josh Archibald.
9:03 of 2nd period - David Gustafsson wins face-off versus Tyler Angle in Comets zone.
9:07 of 2nd period - Jacob Peterson is hit by Brandon Davidson and loses puck.
9:10 of 2nd period - Shot by Jacob Peterson.
9:10 of 2nd period - Stopped by David Rittich without a rebound.
9:11 of 2nd period - Luke Glendening wins face-off versus Derek Ryan in Comets zone.
9:22 of 2nd period - Shot by Luke Glendening.
9:22 of 2nd period - Stopped by David Rittich without a rebound.
9:23 of 2nd period - Tyler Angle wins face-off versus David Gustafsson in Comets zone.
9:29 of 2nd period - Icing by Tyler Angle.
9:30 of 2nd period - Luke Glendening wins face-off versus Tyler Angle in Comets zone.
10:20 of 2nd period - Icing by Markus Niemelainen.
10:21 of 2nd period - David Gustafsson wins face-off versus Tyler Angle in Comets zone.
10:48 of 2nd period - Shot by Jacob Peterson.
10:48 of 2nd period - Deflect By David Gustafsson.
10:48 of 2nd period - Stopped by David Rittich with a rebound.
10:50 of 2nd period - Shot by David Gustafsson.
10:50 of 2nd period - Shot Misses the Net.
10:56 of 2nd period - Shot by Cooper Marody.
10:56 of 2nd period - Stopped by David Rittich without a rebound.
10:57 of 2nd period - Radek Faksa wins face-off versus Derek Ryan in Comets zone.
10:58 of 2nd period - Shot by Branden Troock.
10:58 of 2nd period - Stopped by David Rittich with a rebound.
11:17 of 2nd period - Trevor Lewis is hit by Danil Zhuravlyov and loses puck.
11:20 of 2nd period - Shot by Derek Ryan.
11:20 of 2nd period - Shot Misses the Net.
11:22 of 2nd period - Shot by Matt Bartkowski.
11:22 of 2nd period - Shot Misses the Net.
12:39 of 2nd period - Kevin Czucman is hit by Leo Komarov and loses puck.
13:05 of 2nd period - Icing by Luke Glendening.
13:06 of 2nd period - Luke Glendening wins face-off versus Tyler Angle in Eagles zone.
13:06 of 2nd period - William Lockwood is hit by Josh Archibald.
13:30 of 2nd period - Shot by Josh Archibald.
13:30 of 2nd period - Stopped by Cory Schneider without a rebound.
13:31 of 2nd period - Cooper Marody wins face-off versus Derek Ryan in Eagles zone.
13:40 of 2nd period - Shot by Jacob Peterson.
13:40 of 2nd period - Stopped by David Rittich without a rebound.
13:41 of 2nd period - Frederik Gauthier wins face-off versus Radek Faksa in Comets zone.
13:41 of 2nd period - Frederik Gauthier is hit by Branden Troock.
14:13 of 2nd period - Shot by Michael Raffl.
14:13 of 2nd period - Stopped by Cory Schneider without a rebound.
14:14 of 2nd period - David Gustafsson wins face-off versus Derek Ryan in Eagles zone.
14:32 of 2nd period - Shot by Derek Ryan.
14:32 of 2nd period - Shot Misses the Net.
14:34 of 2nd period - Shot by Brandon Davidson.
14:34 of 2nd period - Stopped by Cory Schneider without a rebound.
14:35 of 2nd period - Tyler Angle wins face-off versus Tyler Bozak in Eagles zone.
14:41 of 2nd period - Icing by Tyler Bozak.
14:42 of 2nd period - Tyler Bozak wins face-off versus Derek Ryan in Eagles zone.
14:42 of 2nd period - Tyler Bozak is hit by Trevor Lewis.
15:14 of 2nd period - Icing by Matt Bartkowski.
15:15 of 2nd period - Derek Ryan wins face-off versus Jacob Peterson in Comets zone.
15:43 of 2nd period - Shot by Jacob Peterson.
15:43 of 2nd period - Shot Blocked by Matt Bartkowski.
15:45 of 2nd period - Shot by Kris Russell.
15:45 of 2nd period - Goal by Kris Russell - Comets : 3 - Eagles : 2.
15:46 of 2nd period - Tyler Angle wins face-off versus Radek Faksa in neutral zone.
16:05 of 2nd period - Icing by Josh Archibald.
16:06 of 2nd period - Tyler Angle wins face-off versus Leo Komarov in Comets zone.
16:13 of 2nd period - William Lockwood is hit by Josh Archibald and loses puck.
16:53 of 2nd period - Icing by Kris Russell.
16:54 of 2nd period - Luke Glendening wins face-off versus Derek Ryan in Eagles zone.
16:58 of 2nd period - Off-side.
16:59 of 2nd period - David Gustafsson wins face-off versus Derek Ryan in neutral zone.
17:12 of 2nd period - Shot by Mark Giordano.
17:12 of 2nd period - Stopped by David Rittich without a rebound.
17:13 of 2nd period - Frederik Gauthier wins face-off versus Radek Faksa in Comets zone.
17:33 of 2nd period - Shot by Brayden Burke.
17:33 of 2nd period - Stopped by David Rittich with a rebound.
17:35 of 2nd period - Shot by Branden Troock.
17:35 of 2nd period - Shot Misses the Net.
18:19 of 2nd period - Cooper Marody is hit by Trevor Lewis and loses puck.
18:28 of 2nd period - Shot by David Gustafsson.
18:28 of 2nd period - Stopped by David Rittich without a rebound.
18:29 of 2nd period - Tyler Angle wins face-off versus Luke Glendening in Comets zone.
19:28 of 2nd period - Shot by David Gustafsson.
19:28 of 2nd period - Shot Misses the Net.
19:34 of 2nd period - Shot by Jacob Peterson.
19:34 of 2nd period - Shot Misses the Net.
Goals for this period are 0 for Comets vs 1 for Eagles.
Shots for this period are 10 for Comets vs 11 for Eagles.

3rd period


0:01 of 3rd period - Luke Glendening wins face-off versus Derek Ryan in neutral zone.
0:35 of 3rd period - Shot by Brandon Davidson.
0:35 of 3rd period - Goal by Brandon Davidson - Comets : 4 - Eagles : 2.
0:36 of 3rd period - David Gustafsson wins face-off versus Tyler Angle in neutral zone.
0:49 of 3rd period - Shot by David Gustafsson.
0:49 of 3rd period - Stopped by David Rittich without a rebound.
0:50 of 3rd period - Radek Faksa wins face-off versus Logan Nelson in Comets zone.
0:53 of 3rd period - Shot by Branden Troock.
0:53 of 3rd period - Stopped by David Rittich without a rebound.
0:54 of 3rd period - Tyler Angle wins face-off versus Tyler Bozak in Comets zone.
1:31 of 3rd period - Shot by Tyler Angle.
1:31 of 3rd period - Shot Blocked by Kris Russell.
1:33 of 3rd period - Shot by Josh Archibald.
1:33 of 3rd period - Deflect By Chase De Leo.
1:33 of 3rd period - Stopped by Cory Schneider without a rebound.
1:34 of 3rd period - Jacob Peterson wins face-off versus Derek Ryan in Eagles zone.
1:43 of 3rd period - Icing by Cooper Marody.
1:44 of 3rd period - Logan Nelson wins face-off versus David Gustafsson in Eagles zone.
1:47 of 3rd period - Shot by Markus Niemelainen.
1:47 of 3rd period - Shot Misses the Net.
2:13 of 3rd period - Shot by Mark Giordano.
2:13 of 3rd period - Stopped by David Rittich without a rebound.
2:14 of 3rd period - Derek Ryan wins face-off versus Luke Glendening in Comets zone.
2:14 of 3rd period - Derek Ryan is hit by William Lockwood.
2:28 of 3rd period - Shot by Derek Ryan.
2:28 of 3rd period - Goal by Derek Ryan - Comets : 5 - Eagles : 2.
2:29 of 3rd period - Radek Faksa wins face-off versus Tyler Angle in neutral zone.
2:34 of 3rd period - Shot by Brayden Burke.
2:34 of 3rd period - Shot Misses the Net.
2:36 of 3rd period - Shot by Brayden Burke.
2:36 of 3rd period - Goal by Brayden Burke - Comets : 5 - Eagles : 3.
2:37 of 3rd period - Luke Glendening wins face-off versus Chris Terry in neutral zone.
2:37 of 3rd period - Kris Russell is hit by Trevor Lewis and loses puck.
2:51 of 3rd period - Icing by Brandon Davidson.
2:52 of 3rd period - Derek Ryan wins face-off versus David Gustafsson in Comets zone.
3:21 of 3rd period - Jacob Peterson is hit by Markus Niemelainen and loses puck.
3:30 of 3rd period - Shot by David Gustafsson.
3:30 of 3rd period - Shot Misses the Net.
3:32 of 3rd period - Shot by Ty Emberson.
3:32 of 3rd period - Stopped by David Rittich without a rebound.
3:33 of 3rd period - Tyler Angle wins face-off versus Luke Glendening in Comets zone.
3:39 of 3rd period - Josh Archibald is hit by Kris Russell and loses puck.
3:56 of 3rd period - Shot by Luke Glendening.
3:56 of 3rd period - Shot Blocked by Josh Archibald.
3:58 of 3rd period - Shot by Leo Komarov.
3:58 of 3rd period - Shot Misses the Net.
4:07 of 3rd period - Icing by Marc-Edouard Vlasic.
4:08 of 3rd period - Frederik Gauthier wins face-off versus Luke Glendening in Eagles zone.
4:08 of 3rd period - Michael Joly is hit by Marc-Edouard Vlasic.
4:14 of 3rd period - Griffin Reinhart is hit by William Lockwood and loses puck.
4:32 of 3rd period - Major / Game Misconduct Penalty to Kris Russell for Spearing.
4:32 of 3rd period - Kris Russell is ejected from game.
4:33 of 3rd period - Derek Ryan wins face-off versus Luke Glendening in Eagles zone.
5:18 of 3rd period - Marc-Edouard Vlasic is hit by Trevor Lewis.
5:27 of 3rd period - Icing by Markus Niemelainen.
5:28 of 3rd period - Luke Glendening wins face-off versus Derek Ryan in Comets zone.
5:31 of 3rd period - Shot by Luke Glendening.
5:31 of 3rd period - Shot Blocked by Brandon Davidson.
5:33 of 3rd period - Shot by Luke Glendening.
5:33 of 3rd period - Stopped by David Rittich without a rebound.
5:34 of 3rd period - Chase De Leo wins face-off versus Luke Glendening in Comets zone.
6:27 of 3rd period - Icing by Chris Terry.
6:28 of 3rd period - Luke Glendening wins face-off versus Trevor Lewis in Comets zone.
6:41 of 3rd period - Shot by Markus Niemelainen.
6:41 of 3rd period - Stopped by Cory Schneider without a rebound.
6:42 of 3rd period - Tyler Angle wins face-off versus Luke Glendening in Eagles zone.
6:53 of 3rd period - Shot by Matt Bartkowski.
6:53 of 3rd period - Shot Misses the Net.
6:55 of 3rd period - Shot by Kevin Czucman.
6:55 of 3rd period - Shot Misses the Net.
7:11 of 3rd period - Shot by Chase De Leo.
7:11 of 3rd period - Shot Misses the Net.
7:22 of 3rd period - Icing by Chris Terry.
7:23 of 3rd period - Radek Faksa wins face-off versus Derek Ryan in Comets zone.
7:48 of 3rd period - Shot by Derek Ryan.
7:48 of 3rd period - Deflect By Chris Terry.
7:48 of 3rd period - Shot Hit the Post.
7:50 of 3rd period - Shot by Brandon Davidson.
7:50 of 3rd period - Shot Misses the Net.
8:06 of 3rd period - Shot by Josh Archibald.
8:06 of 3rd period - Shot Misses the Net.
8:08 of 3rd period - Shot by Matt Bartkowski.
8:08 of 3rd period - Stopped by Cory Schneider without a rebound.
8:09 of 3rd period - Tyler Angle wins face-off versus Luke Glendening in Eagles zone.
8:10 of 3rd period - Shot by Chase De Leo.
8:10 of 3rd period - Stopped by Cory Schneider with a rebound.
8:12 of 3rd period - Shot by Tyler Angle.
8:12 of 3rd period - Shot Misses the Net.
8:14 of 3rd period - Shot by Chase De Leo.
8:14 of 3rd period - Shot Misses the Net.
8:16 of 3rd period - Shot by Kevin Czucman.
8:16 of 3rd period - Shot Misses the Net.
8:18 of 3rd period - Shot by Chase De Leo.
8:18 of 3rd period - Shot Blocked by Ty Emberson.
8:20 of 3rd period - Shot by Chase De Leo.
8:20 of 3rd period - Stopped by Cory Schneider with a rebound.
8:22 of 3rd period - Shot by Kevin Czucman.
8:22 of 3rd period - Stopped by Cory Schneider without a rebound.
8:23 of 3rd period - Luke Glendening wins face-off versus Derek Ryan in Eagles zone.
8:23 of 3rd period - David Gustafsson is hit by Chris Terry.
8:29 of 3rd period - Shot by Markus Niemelainen.
8:29 of 3rd period - Stopped by Cory Schneider with a rebound.
8:31 of 3rd period - Shot by Markus Niemelainen.
8:31 of 3rd period - Shot Misses the Net.
8:33 of 3rd period - Shot by Brandon Davidson.
8:33 of 3rd period - Stopped by Cory Schneider without a rebound.
8:34 of 3rd period - Radek Faksa wins face-off versus Tyler Angle in Eagles zone.
9:26 of 3rd period - Icing by Trevor Lewis.
9:27 of 3rd period - Luke Glendening wins face-off versus Derek Ryan in Comets zone.
9:37 of 3rd period - Branden Troock is hit by Jordan Schmaltz and loses puck.
9:47 of 3rd period - Icing by Michael Raffl.
9:48 of 3rd period - Frederik Gauthier wins face-off versus Leo Komarov in Comets zone.
10:05 of 3rd period - Shot by Frederik Gauthier.
10:05 of 3rd period - Shot Misses the Net.
10:10 of 3rd period - Mark Giordano is hit by Michael Joly and loses puck.
11:31 of 3rd period - Danil Zhuravlyov is hit by Michael Raffl.
11:41 of 3rd period - Shot by Jacob Peterson.
11:41 of 3rd period - Stopped by David Rittich without a rebound.
11:42 of 3rd period - David Gustafsson wins face-off versus Derek Ryan in Comets zone.
11:45 of 3rd period - Shot by Jacob Peterson.
11:45 of 3rd period - Shot Misses the Net.
11:59 of 3rd period - Shot by David Gustafsson.
11:59 of 3rd period - Stopped by David Rittich without a rebound.
12:00 of 3rd period - Tyler Angle wins face-off versus Luke Glendening in Comets zone.
12:16 of 3rd period - Off-side.
12:17 of 3rd period - Radek Faksa wins face-off versus Derek Ryan in neutral zone.
12:44 of 3rd period - Shot by Trevor Lewis.
12:44 of 3rd period - Deflect By Derek Ryan.
12:44 of 3rd period - Stopped by Cory Schneider without a rebound.
12:45 of 3rd period - David Gustafsson wins face-off versus Tyler Angle in Eagles zone.
12:45 of 3rd period - David Gustafsson is hit by Josh Archibald.
13:36 of 3rd period - Chase De Leo is hit by Leo Komarov and loses puck.
13:52 of 3rd period - Icing by Marc-Edouard Vlasic.
13:53 of 3rd period - Derek Ryan wins face-off versus Luke Glendening in Eagles zone.
14:00 of 3rd period - Shot by Derek Ryan.
14:00 of 3rd period - Stopped by Cory Schneider without a rebound.
14:01 of 3rd period - Radek Faksa wins face-off versus Derek Ryan in Eagles zone.
14:44 of 3rd period - Off-side.
14:45 of 3rd period - Luke Glendening wins face-off versus Logan Nelson in neutral zone.
15:09 of 3rd period - Icing by Leo Komarov.
15:10 of 3rd period - Tyler Angle wins face-off versus William Lockwood in Eagles zone.
15:24 of 3rd period - Icing by Luke Glendening.
15:25 of 3rd period - Luke Glendening wins face-off versus Derek Ryan in Eagles zone.
15:34 of 3rd period - Shot by William Lockwood.
15:34 of 3rd period - Stopped by David Rittich without a rebound.
15:35 of 3rd period - Tyler Angle wins face-off versus David Gustafsson in Comets zone.
15:39 of 3rd period - Off-side.
15:40 of 3rd period - Jacob Peterson wins face-off versus Derek Ryan in neutral zone.
15:56 of 3rd period - Off-side.
15:57 of 3rd period - Luke Glendening wins face-off versus Tyler Angle in neutral zone.
16:16 of 3rd period - Shot by William Lockwood.
16:16 of 3rd period - Shot Misses the Net.
16:30 of 3rd period - Shot by Luke Glendening.
16:30 of 3rd period - Stopped by David Rittich with a rebound.
16:43 of 3rd period - Tyler Angle is hit by William Lockwood and loses puck.
17:14 of 3rd period - Shot by Trevor Lewis.
17:14 of 3rd period - Shot Misses the Net.
17:16 of 3rd period - Shot by Derek Ryan.
17:16 of 3rd period - Shot Misses the Net.
17:30 of 3rd period - Shot by Derek Ryan.
17:30 of 3rd period - Stopped by Cory Schneider without a rebound.
17:31 of 3rd period - Logan Nelson wins face-off versus David Gustafsson in Eagles zone.
19:01 of 3rd period - Shot by Branden Troock.
19:01 of 3rd period - Stopped by David Rittich without a rebound.
19:02 of 3rd period - Chase De Leo wins face-off versus Tyler Bozak in Comets zone.
19:04 of 3rd period - Icing by Matt Bartkowski.
19:05 of 3rd period - Tyler Bozak wins face-off versus Tyler Angle in Comets zone.
19:17 of 3rd period - Shot by Luke Glendening.
19:17 of 3rd period - Shot Misses the Net.
19:19 of 3rd period - Shot by Tyler Bozak.
19:19 of 3rd period - Stopped by David Rittich without a rebound.
19:20 of 3rd period - Radek Faksa wins face-off versus Derek Ryan in Comets zone.
19:39 of 3rd period - Shot by Trevor Lewis.
19:39 of 3rd period - Shot Misses the Net.
19:41 of 3rd period - Shot by Derek Ryan.
19:41 of 3rd period - Shot Misses the Net.
Goals for this period are 2 for Comets vs 1 for Eagles.
Shots for this period are 13 for Comets vs 12 for Eagles.